PAA
OLYMPIA OGRES @ CRESCENT CITY KREWE
07/29/2041
 
TOP OF THE 1ST
Olympia Ogres batting - Pitching for Crescent City Krewe : RHP John Combs
Pitching: RHP John Combs
Batting: RHB Lawrence Miller 0-0: Ball
1-0: Called Strike
1-1: Ball
2-1: Foul Ball, location: 2F
2-2: Foul Ball, location: 2F
2-2: Foul Ball, location: 2F
2-2: Foul Ball, location: 2F
2-2: Foul Ball, location: 2F
2-2: Ball
3-2: Foul Ball, location: 2F
3-2: Ground out 6-3 (Groundball, 6, EV 86.2 MPH)
Batting: LHB Jorge Mejía 0-0: Ball
1-0: Swinging Strike
1-1: Foul Ball, location: 2F
1-2: Ball
2-2: Ball
3-2: Foul Ball, location: 2F
3-2: Foul Ball, location: 2F
3-2: Base on Balls
Batting: RHB John Yossarian 0-0: Called Strike
Jorge Mejía steals 2nd base
0-1: Fly out, F8 (Line Drive, 8RM, EV 91.9 MPH)
Batting: LHB Sariyah Fateen 0-0: Swinging Strike
0-1: Ball
1-1: Ground out U3 (Groundball, 3, EV 81.9 MPH)
Top of the 1st over - 0 runs, 0 hits, 0 errors, 1 left on base; Olympia 0 - Crescent City 0
BOTTOM OF THE 1ST
Crescent City Krewe batting - Pitching for Olympia Ogres : RHP Emery Manhoran
Pitching: RHP Emery Manhoran
Batting: LHB José Soriano 0-0: Ball
1-0: Swinging Strike
1-1: Ground out 1-3 (Groundball, 34S, EV 68.8 MPH)
Batting: RHB Jamy Geertsen 0-0: Called Strike
0-1: Ball
1-1: Fly out, F9 (Flyball, 89S, EV 72.5 MPH)
Batting: RHB Rod Sarkies 0-0: Ball
1-0: Foul Ball, location: 2F
1-1: Ground out 6-3 (Groundball, 6, EV 78.1 MPH)
Bottom of the 1st over - 0 runs, 0 hits, 0 errors, 0 left on base; Olympia 0 - Crescent City 0
TOP OF THE 2ND
Olympia Ogres batting - Pitching for Crescent City Krewe : RHP John Combs
Batting: RHB Pepe Savinon 0-0: Called Strike
0-1: Ball
1-1: Foul Ball, location: 2F
1-2: Ball
2-2: Fly out, F7 (Flyball, 7D, EV 88.8 MPH)
Batting: SHB Nathan Brannon 0-0: Ground out U3 (Groundball, 3, EV 86.9 MPH)
Batting: RHB Claudio Vargas 0-0: Ball
1-0: Ball
2-0: Called Strike
2-1: Foul Ball, location: 2F
2-2: Ball
3-2: Fly out, F7 (Flyball, 78S, EV 86.9 MPH)
Top of the 2nd over - 0 runs, 0 hits, 0 errors, 0 left on base; Olympia 0 - Crescent City 0
BOTTOM OF THE 2ND
Crescent City Krewe batting - Pitching for Olympia Ogres : RHP Emery Manhoran
Batting: LHB Dustin Damitz 0-0: Swinging Strike
0-1: Ball
1-1: Swinging Strike
1-2: Strikes out looking
Batting: RHB Dusty Hunt 0-0: Ground out 2-3 (Groundball, 2R, EV 73.1 MPH)
Batting: LHB Francisco Rojas 0-0: Called Strike
0-1: Called Strike
0-2: Foul Ball, location: 2F
0-2: Strikes out swinging
Bottom of the 2nd over - 0 runs, 0 hits, 0 errors, 0 left on base; Olympia 0 - Crescent City 0
TOP OF THE 3RD
Olympia Ogres batting - Pitching for Crescent City Krewe : RHP John Combs
Batting: RHB Paul Stark 0-0: Called Strike
0-1: Ball
1-1: Ball
2-1: SINGLE (Groundball, 34, EV 103.8 MPH) (infield hit)
Batting: RHB Donald Boyd 0-0: Ball
1-0: Foul Ball, location: 2F
1-1: Called Strike
1-2: DOUBLE (Line Drive, 78D, EV 110.6 MPH)
Paul Stark to third
Runner from 3rd tries for Home, SAFE, throw by CF to home
Batting: RHB Lawrence Miller 0-0: Called Strike
0-1: Ball
1-1: Ball
2-1: Foul Ball, location: 2F
2-2: Ball
3-2: Base on Balls
Batting: LHB Jorge Mejía 0-0: Ball
1-0: Called Strike
1-1: Ball
2-1: Swinging Strike
2-2: Strikes out swinging
Batting: RHB John Yossarian 0-0: Foul Ball, location: 2F
0-1: Called Strike
0-2: Strikes out swinging
Batting: LHB Sariyah Fateen 0-0: Ball
1-0: Called Strike
1-1: Foul Ball, location: 2F
1-2: Ground out 6-3 (Groundball, 6, EV 100.0 MPH)
Top of the 3rd over - 1 run, 2 hits, 0 errors, 2 left on base; Olympia 1 - Crescent City 0
BOTTOM OF THE 3RD
Crescent City Krewe batting - Pitching for Olympia Ogres : RHP Emery Manhoran
Batting: RHB Albert Seals 0-0: Ball
1-0: Ball
2-0: Ground out 6-3 (Groundball, 6, EV 80.6 MPH)
Batting: LHB Reggie Gommers 0-0: Swinging Strike
0-1: Ball
1-1: SOLO HOME RUN (Flyball, 9D, EV 100.0 MPH), Distance : 387 ft
Batting: RHB Santiago Beldad 0-0: SINGLE (Groundball, 56D, EV 110.0 MPH)
Batting: LHB José Soriano 0-0: Called Strike
0-1: Fly out, F7 (Flyball, 7, EV 90.6 MPH)
Batting: RHB Jamy Geertsen 0-0: Ball
Santiago Beldad steals 2nd base
1-0: Foul Ball, location: 2F
1-1: Foul Ball, location: 2F
1-2: Ball
2-2: Strikes out swinging
Bottom of the 3rd over - 1 run, 2 hits, 0 errors, 1 left on base; Olympia 1 - Crescent City 1
TOP OF THE 4TH
Olympia Ogres batting - Pitching for Crescent City Krewe : RHP John Combs
Batting: RHB Pepe Savinon 0-0: Called Strike
0-1: Called Strike
0-2: Ball
1-2: Foul Ball, location: 2F
1-2: Ball
2-2: Strikes out swinging
Batting: SHB Nathan Brannon 0-0: Ground out U3 (Groundball, 3, EV 103.8 MPH)
Batting: RHB Claudio Vargas 0-0: Called Strike
0-1: SINGLE (Groundball, 4MD, EV 103.1 MPH)
Batting: RHB Paul Stark 0-0: Ball
1-0: Ball
2-0: Ball
3-0: Base on Balls
Claudio Vargas to second
Batting: RHB Donald Boyd 0-0: Ball
1-0: Foul Ball, location: 2F
1-1: Fielders Choice at 2nd, 6-4 (Groundball, 56, EV 88.8 MPH)
Top of the 4th over - 0 runs, 1 hit, 0 errors, 2 left on base; Olympia 1 - Crescent City 1
BOTTOM OF THE 4TH
Crescent City Krewe batting - Pitching for Olympia Ogres : RHP Emery Manhoran
Batting: RHB Rod Sarkies 0-0: Called Strike
0-1: Foul Ball, location: 2F
0-2: Strikes out swinging
Batting: LHB Dustin Damitz 0-0: Called Strike
0-1: DOUBLE (Line Drive, 89M, EV 98.8 MPH)
Batting: RHB Dusty Hunt 0-0: Ball
1-0: Fly out, F6 (Line Drive, 6, EV 72.5 MPH)
Batting: LHB Francisco Rojas 0-0: Ball
1-0: Ball
2-0: Foul Ball, location: 2F
2-1: Ground out 4-3 (Groundball, 4, EV 77.5 MPH)
Bottom of the 4th over - 0 runs, 1 hit, 0 errors, 1 left on base; Olympia 1 - Crescent City 1
TOP OF THE 5TH
Olympia Ogres batting - Pitching for Crescent City Krewe : RHP John Combs
Batting: RHB Lawrence Miller 0-0: Ball
1-0: Called Strike
1-1: Foul Ball, location: 2F
1-2: Ground out 5-3 (Groundball, 56, EV 109.4 MPH)
Batting: LHB Jorge Mejía 0-0: Called Strike
0-1: Ball
1-1: Called Strike
1-2: Foul Ball, location: 2F
1-2: Strikes out swinging
Batting: RHB John Yossarian 0-0: Ball
1-0: Called Strike
1-1: Ball
2-1: Fly out, F6 (Line Drive, 6, EV 66.9 MPH)
Top of the 5th over - 0 runs, 0 hits, 0 errors, 0 left on base; Olympia 1 - Crescent City 1
BOTTOM OF THE 5TH
Crescent City Krewe batting - Pitching for Olympia Ogres : RHP Emery Manhoran
Batting: RHB Albert Seals 0-0: Foul Ball, location: 2F
0-1: Ball
1-1: Ball
2-1: Fly out, F9 (Flyball, 89M, EV 89.4 MPH)
Batting: LHB Reggie Gommers 0-0: Ball
1-0: SOLO HOME RUN (Flyball, 9LD, EV 101.2 MPH), Distance : 356 ft
Batting: RHB Santiago Beldad 0-0: Ground out 6-3 (Groundball, 6, EV 86.2 MPH)
Batting: LHB José Soriano 0-0: Fly out, F8 (Flyball, 8RM, EV 87.5 MPH)
Bottom of the 5th over - 1 run, 1 hit, 0 errors, 0 left on base; Olympia 1 - Crescent City 2
TOP OF THE 6TH
Olympia Ogres batting - Pitching for Crescent City Krewe : RHP John Combs
Batting: LHB Sariyah Fateen 0-0: DOUBLE (Flyball, 8LXD, EV 91.2 MPH)
Batting: RHB Pepe Savinon 0-0: Called Strike
0-1: Called Strike
0-2: DOUBLE (Flyball, 89XD, EV 96.2 MPH)
Sariyah Fateen scores
Batting: SHB Nathan Brannon 0-0: Ball
1-0: Ball
2-0: Ball
3-0: Base on Balls
Pitching: RHP Chris Floyd
Batting: RHB Claudio Vargas 0-0: Sac Bunt to P - play at first, batter OUT! 1-4
Pepe Savinon to third
Nathan Brannon to second
Batting: RHB Paul Stark 0-0: Called Strike
0-1: Called Strike
0-2: Ball
1-2: Ball
2-2: Foul Ball, location: 2F
2-2: Fly out, F3 (Popup, 3SF, EV 63.8 MPH)
Batting: RHB Donald Boyd 0-0: Ball
1-0: Foul Ball, location: 2F
1-1: Ball
2-1: Fly out, F4 (Popup, 3S, EV 78.1 MPH)
Top of the 6th over - 1 run, 2 hits, 0 errors, 2 left on base; Olympia 2 - Crescent City 2
BOTTOM OF THE 6TH
Crescent City Krewe batting - Pitching for Olympia Ogres : RHP Emery Manhoran
Batting: RHB Jamy Geertsen 0-0: Ball
1-0: Called Strike
1-1: Ball
2-1: Ball
3-1: Fly out, F9 (Flyball, 9D, EV 95.6 MPH)
Batting: RHB Rod Sarkies 0-0: Called Strike
0-1: Ball
1-1: Ball
2-1: SINGLE (Groundball, 56D, EV 101.2 MPH)
Batting: LHB Dustin Damitz 0-0: Swinging Strike
0-1: Ball
1-1: Swinging Strike
1-2: Ball
2-2: Ball
3-2: Base on Balls
Rod Sarkies to second
Batting: RHB Dusty Hunt 0-0: Ball
1-0: Ball
2-0: Called Strike
2-1: Ball
3-1: Fielders Choice at 2nd, 6-4 (Groundball, 6, EV 95.0 MPH)
Rod Sarkies to third
Batting: LHB Francisco Rojas 0-0: Called Strike
0-1: 3-RUN HOME RUN (Flyball, 9D, EV 92.5 MPH), Distance : 377 ft
Pitching: LHP Ron Meredith
Batting: RHB Albert Seals 0-0: Ball
1-0: Called Strike
1-1: Ground out 6-3 (Groundball, 6M, EV 88.1 MPH)
Bottom of the 6th over - 3 runs, 2 hits, 0 errors, 0 left on base; Olympia 2 - Crescent City 5
TOP OF THE 7TH
Olympia Ogres batting - Pitching for Crescent City Krewe : RHP Chris Floyd
Batting: RHB Lawrence Miller 0-0: Foul Ball, location: 2F
0-1: Swinging Strike
0-2: Ball
1-2: Ball
2-2: Ball
3-2: Foul Ball, location: 2F
3-2: SINGLE (Line Drive, 89S, EV 106.9 MPH)
Batting: LHB Jorge Mejía 0-0: Called Strike
Lawrence Miller steals 2nd base
0-1: Ground out 5-3 (Groundball, 56S, EV 69.4 MPH)
Lawrence Miller to third
Batting: RHB John Yossarian 0-0: Ball
1-0: Foul Ball, location: 2F
1-1: Swinging Strike
1-2: Ball
2-2: Fly out, F7 (Line Drive, 7, EV 88.1 MPH)
Batting: LHB Sariyah Fateen 0-0: Called Strike
0-1: Ball
1-1: Foul Ball, location: 2F
1-2: Ball
2-2: Ball
3-2: Foul Ball, location: 2F
3-2: DOUBLE (Line Drive, 7LS, EV 105.0 MPH)
Lawrence Miller scores
Batting: RHB Pepe Savinon 0-0: Ball
1-0: Fly out, F8 (Flyball, 8RD, EV 94.4 MPH)
Top of the 7th over - 1 run, 2 hits, 0 errors, 1 left on base; Olympia 3 - Crescent City 5
BOTTOM OF THE 7TH
Crescent City Krewe batting - Pitching for Olympia Ogres : LHP Ron Meredith
Batting: LHB Reggie Gommers 0-0: Ball
1-0: Ground out 6-3 (Groundball, 6, EV 87.5 MPH)
Pitching: RHP Enrique Durán
Batting: RHB Santiago Beldad 0-0: Ball
1-0: Swinging Strike
1-1: Foul Ball, location: 2F
1-2: SINGLE (Line Drive, 4D, EV 104.4 MPH)
Batting: LHB José Soriano 0-0: SINGLE (Line Drive, 7S, EV 86.9 MPH)
Santiago Beldad to second
Batting: RHB Jamy Geertsen 0-0: Ball
1-0: Swinging Strike
1-1: Called Strike
1-2: Ball
2-2: Foul Ball, location: 2F
2-2: Strikes out looking
Batting: RHB Rod Sarkies 0-0: Foul Ball, location: 2F
0-1: Ball
1-1: Ball
2-1: Foul Ball, location: 2F
2-2: Foul Ball, location: 2F
2-2: Ball
3-2: SINGLE (Groundball, 56D, EV 94.4 MPH)
Santiago Beldad to third
José Soriano to second
Santiago Beldad scores
José Soriano to third
Batting: LHB Dustin Damitz 0-0: Ball
1-0: Ball
2-0: Called Strike
2-1: Called Strike
2-2: Ball
3-2: Base on Balls
Rod Sarkies to second
Batting: RHB Dusty Hunt 0-0: Ball
1-0: Ball
2-0: Fly out, F7 (Flyball, 7S, EV 91.9 MPH)
Bottom of the 7th over - 1 run, 3 hits, 0 errors, 3 left on base; Olympia 3 - Crescent City 6
TOP OF THE 8TH
Olympia Ogres batting - Pitching for Crescent City Krewe : RHP Chris Floyd
Batting: SHB Nathan Brannon 0-0: Called Strike
0-1: Ball
1-1: Ball
2-1: Ball
3-1: Fly out, F7 (Flyball, 78D, EV 101.9 MPH)
Batting: RHB Claudio Vargas 0-0: Ball
1-0: Ball
2-0: Called Strike
2-1: Foul Ball, location: 2F
2-2: Ball
3-2: Foul Ball, location: 2F
3-2: SINGLE (Groundball, 6D, EV 99.4 MPH)
Pitching: RHP Fernando Nava
Batting: RHB Paul Stark 0-0: Ball
1-0: Ball
2-0: Foul Ball, location: 2F
2-1: Foul Ball, location: 2F
2-2: Fly out, F8 (Flyball, 8RM, EV 91.2 MPH)
Batting: RHB Donald Boyd 0-0: Foul Ball, location: 2F
0-1: Ground out 4-3 (Groundball, 34, EV 89.4 MPH)
Top of the 8th over - 0 runs, 1 hit, 0 errors, 1 left on base; Olympia 3 - Crescent City 6
BOTTOM OF THE 8TH
Crescent City Krewe batting - Pitching for Olympia Ogres : RHP Enrique Durán
Batting: LHB Francisco Rojas 0-0: Called Strike
0-1: Ball
1-1: Ball
2-1: Ball
3-1: Swinging Strike
3-2: Foul Ball, location: 2F
3-2: Base on Balls
Pitching: LHP Roberto Sáenz
Batting: RHB Albert Seals 0-0: Swinging Strike
0-1: Called Strike
0-2: Ball
1-2: Grounds into double play, 5-4-3 (Groundball, 56, EV 101.2 MPH)
Batting: LHB Reggie Gommers 0-0: Ball
1-0: Ball
2-0: Ball
3-0: Base on Balls
Batting: RHB Santiago Beldad 0-0: Called Strike
0-1: Foul Ball, location: 2F
0-2: DOUBLE (Line Drive, 7LS, EV 105.6 MPH)
Reggie Gommers to third
Runner from 3rd tries for Home, SAFE, no throw by LF
Batting: LHB José Soriano 0-0: Ball
1-0: Ball
2-0: Ball
3-0: Ground out 4-3 (Groundball, 4, EV 81.2 MPH)
Bottom of the 8th over - 1 run, 1 hit, 0 errors, 1 left on base; Olympia 3 - Crescent City 7
TOP OF THE 9TH
Olympia Ogres batting - Pitching for Crescent City Krewe : RHP Fernando Nava
Batting: RHB Lawrence Miller 0-0: Ball
1-0: Called Strike
1-1: Ground out 5-3 (Groundball, 56, EV 107.5 MPH)
Batting: LHB Jorge Mejía 0-0: Ball
1-0: Swinging Strike
1-1: SINGLE (Groundball, 56D, EV 106.2 MPH)
Batting: RHB John Yossarian 0-0: Called Strike
0-1: Foul Ball, location: 2F
0-2: Ball
1-2: Ball
2-2: Strikes out swinging
Batting: LHB Sariyah Fateen 0-0: Ball
1-0: Ball
2-0: Called Strike
2-1: Swinging Strike
2-2: Foul Ball, location: 2F
2-2: Foul Ball, location: 2F
2-2: Strikes out looking
Top of the 9th over - 0 runs, 1 hit, 0 errors, 1 left on base; Olympia 3 - Crescent City 7
Tuesday, January 5th, 2021 - OOTP Baseball 20.8 Build 74